 Dungeon Crawl Stone Soup version 0.27-a0-1299-g1ab19c6527 (console) character file.

Game seed: 9564866055794977849

844 jejorda2 the Fighter (level 8, -3/76 HPs)
             Began as a Merfolk Berserker on June 16, 2021.
             Was a Priest of Trog.
             Slain by a centaur (5 damage)
             ... on level 5 of the Dungeon.
             The game lasted 00:06:30 (4031 turns).

jejorda2 the Fighter (Merfolk Berserker)            Turns: 4031, Time: 00:06:31

Health: -3/76      AC:  9    Str: 19    XL:     8   Next: 0%
Magic:  8/8        EV:  8    Int:  7    God:    Trog [***...]
Gold:   171        SH:  5    Dex: 13    Spells: 7/7 levels left

rFire    . . .     SeeInvis .   a - +0 falchion
rCold    . . .     Faith    .   (no shield)
rNeg     . . .     Spirit   .   w - +0 chain mail
rPois    .         Reflect  +   (no helmet)
rElec    .         Harm     .   (no cloak)
rCorr    .         Rampage  .   (no gloves)
Will     .....                  (no boots)
Stlth    ..........             l - amulet of reflection
HPRegen  0.22/turn              (no ring)
MPRegen  0.11/turn              (no ring)

@: on berserk cooldown, slowed, very slow
A: (nimble swimmer 2), mertail
a: Renounce Religion, Berserk, Trog's Hand


You were on level 5 of the Dungeon.
You worshipped Trog.
Trog was most pleased with you.
You visited 1 branch of the dungeon, and saw 5 of its levels.

You collected 171 gold pieces.

Inventory:

Hand Weapons
 a - a +0 falchion (weapon)
 b - a +0 morningstar
Missiles
 m - 4 silver boomerangs (quivered)
Armour
 w - a +0 chain mail (worn)
Jewellery
 l - an amulet of reflection (around neck)
Wands
 c - a wand of iceblast (7)
 f - a wand of acid (15)
 s - a wand of flame (20)
 u - a wand of digging (7)
Scrolls
 i - a scroll of blinking
 n - a scroll of vulnerability
Potions
 d - 3 potions of attraction
 e - a potion of invisibility {unknown}
 k - a potion of degeneration {unknown}
 q - 3 potions of flight
 x - a potion of mutation


   Skills:
 - Level 12.1 Fighting
 * Level 10.3 Long Blades
 + Level 2.9 Armour
 - Level 2.6 Dodging


You had 7 spell levels left.
You didn't know any spells.
Your spell library was empty.

Dungeon Overview and Level Annotations

Branches:
Dungeon (5/15)             Temple (0/1) D:5

Altars:
Okawaru


Innate Abilities, Weirdness & Mutations

((You are quick and stealthy near water. (Stealth+, EV+, Speed+++)))
Your lower body shifts to a powerful aquatic tail in water.


Message History

The orc hits you but does no damage.
You hit the orc.
The orc is severely wounded.
The orc barely misses you.
You slash the orc!
You kill the orc!
Trog accepts your kill.
The centaur shoots an arrow.
The arrow hits you but does no damage.
The centaur shoots an arrow.
The arrow closely misses you.
The centaur unwields a +0 shortbow.
The centaur hits you but does no damage.
The centaur completely misses you. The centaur hits you.
* * * LOW HITPOINT WARNING * * *
The centaur completely misses you.
Items here: ) [ †.
You slash the centaur!
The centaur is severely wounded.
The centaur hits you.
* * * LOW HITPOINT WARNING * * *
The centaur kicks you but does no damage.
The centaur barely misses you. x2
You barely miss the centaur.
The centaur is severely wounded.
The centaur hits you.
* * * LOW HITPOINT WARNING * * *
You block the centaur's attack. The centaur closely misses you.
You block the centaur's attack. The centaur barely misses you.
You riposte.
You hit the centaur.
The centaur is almost dead.
The centaur kicks you but does no damage.
It was a potion of experience.
You feel more experienced!
Your Fighting skill gained 7 levels and is now at level 12!
Your Long Blades skill gained 4 levels and is now at level 10!
Training target 6.0 for Fighting reached!
You have reached level 8!
The centaur hits you but does no damage.
The centaur kicks you but does no damage.
The centaur hits you.
You die...

,,**,,,****.#########.#......#
,,,,,,,,,,,............>.#.#.#
,,,,,*,****##.####.####.##.#.####
,,####,*,,,,*,**#.....#.##.#....#
*,#.<#,*,**,*,,,#..##.#.##.####.#
*,##†#,*,*,,***,#.....#.##..,,#.#
,,,...,,,,,,,,,,#....##.####*,#..
**##.##*##.#######...##.#****,###
*,,#..,,........@co..##.#*,,,,*
*,,##.**###.######.#....#*,****
*,,,,.*****,,*#....).)..#*,*
*,**,..,,,,,,*#............#
*,,,,,,,,,,,,*#.........####
****,,,,,,,,,........##.#***
,,,,,,,,,,,,.........#*..,,*
,,,,,,,,,,,,.........#*###,*
,,,,,,,,,,,,,........# *,****


You could see a centaur and an orc.

Vanquished Creatures
  An orc warrior (D:5)
  A scorpion (D:5)
  3 orc priests (D:5)
  A hound skeleton (D:5)
  3 gnolls (D:2)
  7 adders
  3 worms (D:2)
  2 dart slugs
  6 orcs
  7 bats
  6 endoplasms
  4 giant cockroaches
  7 goblins
  5 hobgoblins
  2 jackals (D:3)
  10 kobolds
  3 quokkas
  7 ball pythons
  2 frilled lizards
  4 rats
84 creatures vanquished.

Notes
Turn   | Place    | Note
-------+----------+-------------------------------------------
     0 | D:1      | jejorda2 the Merfolk Berserker began the quest for the Orb.
     0 | D:1      | Reached XP level 1. HP: 18/18 MP: 1/1
   169 | D:1      | Reached XP level 2. HP: 24/24 MP: 2/2
   844 | D:1      | Found a faded altar of an unknown god.
   988 | D:2      | Reached XP level 3. HP: 29/29 MP: 3/3
  1068 | D:2      | Reached ** piety under Trog
  1170 | D:2      | Reached XP level 4. HP: 28/37 MP: 4/4
  1635 | D:2      | Reached skill level 4 in Fighting
  2019 | D:2      | Reached XP level 5. HP: 24/42 MP: 5/5
  2490 | D:3      | Reached skill level 5 in Long Blades
  3305 | D:4      | Found an iron altar of Okawaru.
  3408 | D:5      | Entered Level 5 of the Dungeon
  3425 | D:5      | Reached XP level 6. HP: 15/49 MP: 6/6
  3635 | D:5      | Noticed an orc warrior
  3640 | D:5      | Reached *** piety under Trog
  3651 | D:5      | Killed an orc warrior
  4018 | D:5      | Reached skill level 5 in Fighting
  4018 | D:5      | Reached XP level 7. HP: 43/56 MP: 7/7
  4030 | D:5      | HP: 1/56 [centaur (3)]
  4031 | D:5      | Reached skill level 12 in Fighting
  4031 | D:5      | Reached skill level 10 in Long Blades
  4031 | D:5      | Reached XP level 8. HP: 2/76 MP: 8/8
  4031 | D:5      | Slain by a centaur

Illustrated notes

Levels and vault maps discovered:
D:1:      roderic_dead_forest, layout_loops_ring,
          shapermc_ecumenical_altar_totnotflames, st_stairs_6,
          minmay_stone_trees_medium
D:2:      layout_rooms, kennysheep_generic_room_2
D:3:      layout_basic
D:4:      layout_gridville, okawaru_metal_pillars_3
D:5:      layout_basic, minmay_temple_entry_stoned_glass

Skill      XL: |  1  2  3  4  5  6  7 |
---------------+----------------------+-----
Long Blades    | 4 5 6 10 | 10.3
Armour         | 2 |  2.9
Fighting       | 4 5 12 | 12.1
Dodging        | |  2.6

Action                   |  1- 3 |  4- 6 |  7- 9 || total
-------------------------+-------+-------+-------++-------
Melee: Falchion          |    70 |   195 |     7 ||   272
Invok: Berserk           |     3 |     3 |       ||     6
  Use: Scroll            |       |    10 |       ||    10
       Potion            |       |       |     1 ||     1
Armor: Animal skin       |     5 |       |       ||     5
       Leather armour    |    16 |       |       ||    16
       Scale mail        |       |    59 |       ||    59
       Chain mail        |       |    12 |    13 ||    25
Dodge: Dodged            |    52 |   112 |    17 ||   181
Block: Other             |       |    38 |     4 ||    42
       Reflection        |       |       |     1 ||     1
       Rpst.: Falchion   |    18 |    34 |     2 ||    54

Table legend: (Time is in decaauts)
 A = Elapsed time spent in this place.
 B = Non-inter-level travel time spent in this place.
 C = Inter-level travel time spent in this place.
 D = Time resting spent in this place.
 E = Time spent auto-exploring this place.
 F = Levels seen in this place.
 G = Mean time per level.
                   A        B        C        D        E       F      G
               +--------+--------+--------+--------+--------+-----+--------+
         Total |   4103 |   3994 |    109 |    591 |   2709 |   5 |  820.6 |
       Dungeon |   4103 |   3994 |    109 |    591 |   2709 |   5 |  820.6 |
               +--------+--------+--------+--------+--------+-----+--------+

Top non-repeatable levels by time:
     D:2: 1519 daAuts
     D:1: 956 daAuts
     D:3: 809 daAuts
     D:4: 574 daAuts
     D:5: 244 daAuts
